 Dungeon Crawl Stone Soup version 0.30.1-4-g462c640d31 (webtiles) character file.

Game seed: 10445946890798428851

103 lonewolfV2 the Trooper (level 4, 0/35 HPs)
             Began as a Demonspawn Fighter on Aug 25, 2023.
             Was a Follower of Makhleb.
             Slain by Babbit's ghost (6 damage)
             ... on level 4 of the Dungeon.
             The game lasted 00:03:34 (2872 turns).

lonewolfV2 the Trooper (Demonspawn Fighter)         Turns: 2872, Time: 00:03:35

Health: 0/35       AC:  6    Str: 18    XL:     4   Next: 51%
Magic:  4/4        EV:  9    Int: 10    God:    Makhleb [*.....]
Gold:   209        SH:  4    Dex: 12    Spells: 3/3 levels left

rFire   x . .        a - +0 war axe
rCold   + . .        c - +0 buckler
rNeg    . . .        b - +0 scale mail
rPois   .            (helmet restricted)
rElec   .            (no cloak)
rCorr   .            (no gloves)
SInv    .            (no boots)
Will    +....        (no amulet) Stlth
                     g - ring of willpower
HPRegen 0.25/turn    j - ring of ice
MPRegen 0.09/turn

%: no passive effects
@: no status effects
A: antennae 1, demonic guardian 1, powered by pain 1
a: Renounce Religion


You were on level 4 of the Dungeon.
You worshipped Makhleb.
Makhleb was aware of your devotion.
You visited 2 branches of the dungeon, and saw 5 of its levels.

You collected 209 gold pieces.

Inventory:

Hand Weapons
 a - a +0 war axe (weapon)
Armour
 b - a +0 scale mail (worn)
 c - a +0 buckler (worn)
Jewellery
 g - a ring of willpower (left hand)
 j - a ring of ice (right hand)
Wands
 o - a wand of flame (15)
 q - a wand of iceblast (4)
Scrolls
 f - a scroll of noise {unknown}
 i - 2 scrolls of identify {unknown}
 k - 2 scrolls of amnesia {unknown}
 l - a scroll of summoning {unknown}
 m - a scroll of fear {unknown}
Potions
 d - a potion of might
 e - 2 potions of heal wounds {unknown}
 h - a potion of haste {unknown}
 n - a potion of curing
 p - a potion of magic {unknown}


   Skills:
 + Level 3.4 Fighting
 + Level 2.9 Axes
 + Level 3.4 Armour
 + Level 0.9 Dodging
 + Level 0.2 Stealth
 + Level 3.0 Shields


You had 3 spell levels left.
You didn't know any spells.
Your spell library was empty.

Dungeon Overview and Level Annotations

Branches:
Dungeon (4/15)             Temple (1/1) D:4

Altars:
Kikubaaqudgha
Makhleb
Ru

Annotations:
D:4 Babbit's ghost, amateur MiFi


Innate Abilities, Weirdness & Mutations

You have a pair of small antennae on your head.
A weak demonic guardian rushes to your aid.
You sometimes gain a little power by taking damage.


Message History

The giant cockroach bites you but does no damage. x2
You barely miss the giant cockroach.
The giant cockroach is severely wounded.
The giant cockroach bites you but does no damage.
You barely miss the giant cockroach.
The giant cockroach is severely wounded.
The giant cockroach closely misses you.
The giant cockroach bites you but does no damage.
You hit the giant cockroach.
The giant cockroach is almost dead.
The giant cockroach bites you but does no damage.
The giant cockroach barely misses you.
You closely miss the giant cockroach.
The giant cockroach is almost dead.
The giant cockroach bites you but does no damage.
You barely miss the giant cockroach.
The giant cockroach is almost dead.
The giant cockroach bites you but does no damage.
The giant cockroach barely misses you.
You slash the giant cockroach!
You kill the giant cockroach!
Makhleb accepts your kill.
You can now gain health from killing.
You open the gate.
You hit the water moccasin skeleton but do no damage.
You hit the hornet zombie.
The water moccasin skeleton barely misses you.
The hornet zombie barely misses you. The hornet zombie hits you.
You barely miss Babbit's ghost. You hit the hornet zombie.
The hornet zombie hits you. x2; Babbit's ghost hits you.
You hit Babbit's ghost but do no damage.
You slash the hornet zombie! The hornet zombie hits you.
Babbit's ghost lets out a mournful wail.
Babbit's ghost hits you!
* * * LOW HITPOINT WARNING * * *
A demonic guardian appears!
You hit Babbit's ghost.
Babbit's ghost is lightly damaged.
You closely miss the hornet zombie. The hornet zombie misses you.
Babbit's ghost hits you.
You die...

......#.....# #.............#
......#....#########............#
......#....#..#.#..#............+
......'...>##..[$.##............#
.#...##.†..#.......#............#
###......####.....##.....####....
#...<..# #....ZZ.#.....#..#....
#......# ###'ZW###.....#..#....
#......# #...@........#..#....
#......# #..5.........#..#....
######## #............'..#....
#####...........<####....
#......########.....#####
#......# #.....#...# #......#
#.....#...# #......# #.....'...#
#......# #.....#####


You could see Babbit's ghost, a killer bee zombie, a hornet zombie (ally
target), a water moccasin skeleton and a friendly shadow imp (summoned).

Vanquished Creatures
  Robin (D:4)
  3 adders
  An orc (D:4)
  6 endoplasms
  4 giant cockroaches
  10 goblins
  12 hobgoblins
  6 kobolds
  2 quokkas
  3 ball pythons
  4 bats
  3 frilled lizards
  3 rats
58 creatures vanquished.

Vanquished Creatures (collateral kills)
  A goblin (D:1)
1 creature vanquished.

Grand Total: 59 creatures vanquished

Notes
Turn   | Place    | Note
-------+----------+-------------------------------------------
     0 | D:1      | lonewolfV2 the Demonspawn Fighter began the quest for the
                  | Orb.
     0 | D:1      | Reached XP level 1. HP: 18/18 MP: 1/1
   179 | D:1      | Gained mutation: A weak demonic guardian rushes to your
                  | aid. [demonic ancestry]
   179 | D:1      | Reached XP level 2. HP: 24/24 MP: 2/2
  1029 | D:2      | Gained mutation: You have a pair of small antennae on your
                  | head. [demonic ancestry]
  1029 | D:2      | Reached XP level 3. HP: 23/29 MP: 3/3
  2306 | D:4      | Found a staircase to the Ecumenical Temple.
  2332 | Temple   | Entered the Ecumenical Temple
  2355 | Temple   | Became a worshipper of Makhleb the Destroyer
  2408 | D:4      | Gained mutation: You sometimes gain a little power by
                  | taking damage. [demonic ancestry]
  2408 | D:4      | Reached XP level 4. HP: 35/35 MP: 4/4
  2537 | D:4      | Noticed Robin
  2553 | D:4      | Killed Robin
  2781 | D:4      | Found a runed translucent gate.
  2781 | D:4      | Found a runed translucent gate.
  2781 | D:4      | Found a runed translucent gate.
  2782 | D:4      | Noticed Babbit's ghost (amateur MiFi)
  2840 | D:4      | Reached * piety under Makhleb
  2872 | D:4      | Slain by Babbit's ghost

Illustrated notes

Levels and vault maps discovered:
D:1:      psy_arrival_basics, layout_loops_ring
D:2:      kb_forest_paths, layout_basic
D:3:      layout_loops_ring
D:4:      layout_gridville, minmay_temple_entry_sparse_star,
          gammafunk_ghost_necromancy, amethyst_killhole, uniq_robin
Temple:   roderic_octagonal_lattice_temple

Skill      XL: |  1  2  3  4 |
---------------+-------------+-----
Armour         | 3 |  3.4
Axes           | 2 |  2.9
Shields        | 3 |  3.0
Fighting       | |  3.4
Dodging        | |  0.9
Stealth        | |  0.2

Action                     |  1- 3 |  4- 6 || total
---------------------------+-------+-------++-------
  Melee: War axe           |   118 |    43 ||   161
 Armour: Scale mail        |    64 |    37 ||   101
  Dodge: Dodged            |    54 |    31 ||    85
  Block: Buckler           |    21 |    14 ||    35
